 Dungeon Crawl Stone Soup version 0.29.1-12-g30fa7ad0bf (webtiles) character file.

Game seed: 17080465917463263065

87 diecastcamel the Trooper (level 4, -6/50 HPs)
             Began as an Ogre Berserker on Dec 13, 2022.
             Was a Follower of Trog.
             Mangled by a gnoll
             ... wielding a +0 halberd
              (12 damage)
             ... on level 2 of the Dungeon on Dec 15, 2022.
             The game lasted 00:09:38 (1918 turns).

diecastcamel the Trooper (Ogre Berserker)           Turns: 1918, Time: 00:09:39

Health: -6/50      AC:  3    Str: 23    XL:     4   Next: 51%
Magic:  4/4        EV: 10    Int:  8    God:    Trog [*.....]
Gold:   54         SH:  0    Dex:  8    Spells: 3/3 levels left

rFire   . . .      SeeInvis .   a - +0 hand axe
rCold   . . .      Faith    .   (no shield)
rNeg    . . .      Spirit   .   k - +0 robe
rPois   .          Reflect  .   (helmet restricted)
rElec   .          Harm     .   (no cloak)
rCorr   .          Rampage  .   (gloves unavailable)
Will    ++...                   (boots unavailable)
Stlth   +.........              (no amulet)
HPRegen 1.16/turn               (no ring)
MPRegen 0.09/turn               (no ring)

@: strong-willed (expiring), on berserk cooldown, regenerating (expiring),
slowed, very slow
A: large, unfitting armour, tough skin 1
a: Renounce Religion, Berserk


You were on level 2 of the Dungeon.
You worshipped Trog.
Trog was aware of your devotion.
You visited 1 branch of the dungeon, and saw 2 of its levels.

You collected 54 gold pieces.

Inventory:

Hand Weapons
 a - a +0 hand axe (weapon)
 d - a +0 short sword of speed
Missiles
 e - 5 stones (quivered)
 i - 3 poisoned darts
Armour
 k - a +0 robe (worn)
Scrolls
 c - a scroll of enchant armour {unknown}
 f - a scroll of torment {unknown}
 j - a scroll of fog {unknown}
 l - 2 scrolls of immolation {unknown}
Potions
 b - a potion of heal wounds {unknown}
 g - a potion of haste {unknown}
 h - a potion of cancellation {unknown}
 m - a potion of mutation {unknown}


   Skills:
 + Level 5.0 Fighting
 * Level 4.5 Axes
 - Level 2.6 Dodging


You had 3 spell levels left.
You didn't know any spells.
Your spell library contained the following spells:

 Spells                   Type           Power      Damage    Failure   Level
 Ozocubu's Armour         Ice            0%         N/A       78%         3
 Metabolic Englaciation   Hex/Ice        0%         N/A       100%        5
 Simulacrum               Ice/Necr       0%         N/A       100%        6


Dungeon Overview and Level Annotations

Branches:
Dungeon (2/15)

Altars:

Annotations:
D:2 Natasha


Innate Abilities, Weirdness & Mutations

You are too large for most types of armour.
You have tough skin. (AC +1)


Message History

The gnoll hits you from afar with a +0 halberd!
The gnoll barely misses you. x2; The gnoll hits you with a +0 halberd!
* * * LOW HITPOINT WARNING * * *
The gnoll barely misses you.
You are too injured to fight recklessly!
You are too injured to fight recklessly!
You are too injured to fight recklessly!
You are too injured to fight recklessly!
You are too injured to fight recklessly!
You are too injured to fight recklessly!
You hit the gnoll.
The gnoll is moderately wounded.
The gnoll misses you. The gnoll barely misses you.
You hit the gnoll.
The gnoll is severely wounded.
The gnoll hits you with a +0 halberd. The gnoll closely misses you.
The gnoll misses you. The gnoll barely misses you.
You hit the gnoll.
You kill the gnoll!
Trog accepts your kill.
The gnoll hits you from afar with a +0 halberd.
* * * LOW HITPOINT WARNING * * *
The gnoll barely misses you. The gnoll hits you with a +0 halberd!
* * * LOW HITPOINT WARNING * * *
Things that are here:
a +0 halberd; a gnoll corpse You hit the gnoll.
The gnoll is lightly wounded.
The gnoll hits you with a +0 halberd!
* * * LOW HITPOINT WARNING * * *
The gnoll hits you but does no damage.
You barely miss the gnoll.
The gnoll is lightly wounded.
The gnoll closely misses you.
You hit the gnoll.
The gnoll is lightly wounded.
You feel the effects of Trog's Hand fading.
The gnoll hits you with a +0 halberd!
You die...

#.# #.# #.#
#.# #.# #.#
#.# #.# #.#
#.# #)# #.#
#### #)#
#.######...
#.#
#..........
########@#
######.....
.....?..g#
#.....
#######..#
#.....
#....
#.....
#...##
#.....
....#
#.....
#....#
#.....
#.####
####.# #.
#.


You could see a gnoll.

Vanquished Creatures
  Natasha (D:2)
  3 gnolls (D:2)
  A dart slug (D:1)
  4 ball pythons (D:1)
  2 endoplasms (D:1)
  6 goblins (D:1)
  3 hobgoblins (D:1)
  3 kobolds (D:1)
  3 quokkas
  4 bats (D:1)
  A frilled lizard (D:1)
  2 rats (D:1)
33 creatures vanquished.

Notes
Turn   | Place    | Note
-------+----------+-------------------------------------------
     0 | D:1      | diecastcamel the Ogre Berserker began the quest for the
                  | Orb.
     0 | D:1      | Reached XP level 1. HP: 24/24 MP: 1/1
   248 | D:1      | Reached XP level 2. HP: 32/32 MP: 2/2
   777 | D:1      | Reached ** piety under Trog
   778 | D:1      | Reached XP level 3. HP: 35/40 MP: 3/3
  1250 | D:1      | Found a faded altar of an unknown god.
  1574 | D:2      | Noticed Natasha
  1589 | D:2      | Killed Natasha
  1590 | D:2      | Reached XP level 4. HP: 18/49 MP: 4/4
  1613 | D:2      | Noticed Natasha
  1909 | D:2      | Reached skill level 5 in Fighting
  1916 | D:2      | HP: 2/50 [gnoll/+0 halberd (7)]
  1918 | D:2      | Mangled by a gnoll

Illustrated notes

Levels and vault maps discovered:
D:1:      nicolae_arrival_somewhat_less_tricky_arrival, layout_basic,
          hellmonk_ecumenical_altar_prayer_group, feat_on_display
D:2:      layout_loops_ring, uniq_natasha, uniq_crazy_yiuf_cottage

Skill      XL: |  1  2  3  4 |
---------------+-------------+-----
Axes           | 4 |  4.5
Fighting       | 5 |  5.0
Dodging        | |  2.6

Action                   |  1- 3 |  4- 6 || total
-------------------------+-------+-------++-------
Melee: Hand axe          |    74 |     8 ||    82
Throw: Stone             |    17 |       ||    17
Invok: Berserk           |     1 |     1 ||     2
       Trog's Hand       |       |     1 ||     1
Armor: Animal skin       |    10 |       ||    10
       Robe              |     3 |     1 ||     4
Dodge: Dodged            |    42 |    10 ||    52
